 Dungeon Crawl Stone Soup version 0.22-a0-362-g535178c (webtiles) character file.

116 Amnesiac the Grave Robber (level 4, -1/33 HPs)
             Began as a Mummy Necromancer on Apr 19, 2018.
             Slain by Purgy (6 damage)
             ... in a sewer.
             The game lasted 00:05:05 (2054 turns).

Amnesiac the Grave Robber (Mummy Necromancer)       Turns: 2054, Time: 00:05:06

Health: -1/33      AC:  3    Str: 11    XL:     4   Next: 70%
Magic:  0/8        EV: 13    Int: 15    God:
Gold:   69         SH:  0    Dex: 12    Spells: 5/9 levels left

rFire    x . .     SeeInvis .   b - +0 hunting sling
rCold    + . .     Gourm    .   (no shield)
rNeg     + + +     Faith    .   a - +0 robe
rPois    ∞         Spirit   .   (no helmet)
rElec    .         Reflect  .   d - +0 cloak
rCorr    .         Harm     .   (no gloves)
MR       .....                  (no boots)
Stlth    ++........             (no amulet)
HPRegen  0.11/turn              (no ring)
MPRegen  0.11/turn              (no ring)

@: no status effects
A: no food or potions, fire vulnerability, cold resistance 1, negative energy
resistance 3, torment resistance, unbreathing
a: no special abilities


You were in a sewer.
You were not hungry.

You visited 1 branch of the dungeon, and saw 3 of its levels.
You also visited: Sewer.

You collected 69 gold pieces.

Inventory:

Hand Weapons
 b - a +0 hunting sling (weapon)
Missiles
 c - 12 stones (quivered)
Armour
 a - a +0 robe (worn)
 d - a +0 cloak (worn)
Scrolls
 e - 3 scrolls of amnesia {!r, unknown}
 f - a scroll of teleportation {!r, unknown}


   Skills:
 + Level 1.9 Fighting
 * Level 3.0 Dodging
 - Level 1.5 Stealth
 - Level 3.0 Spellcasting
 + Level 4.5 Necromancy


You had 5 spell levels left.
You knew the following spells:

 Your Spells              Type           Power        Failure   Level  Hunger
a - Pain                  Necr           ###.         3%          1    N/A
d - Vampiric Draining     Necr           ###.......   10%         3    N/A

Dungeon Overview and Level Annotations

Branches:
Dungeon (3/15)

Altars:

Annotations:
Sewer Purgy


Innate Abilities, Weirdness & Mutations

You do not eat or drink.
Your flesh is vulnerable to fire.
You are immune to poison.
Your flesh is cold resistant. (rC+)
You are immune to negative energy. (rN+++)
You are immune to unholy pain and torment.
You can survive without breathing.


Message History

Purgy completely misses you. Purgy claws you.
* * * LOW HITPOINT WARNING * * *
Unknown command.
Casting: Vampiric Draining (safe; 10% risk of failure)
Confirm with . or Enter, or press ? or * to list all spells.
Aiming: Vampiric Draining (safe; 10% risk of failure)
Press: ? - help, Shift-Dir - straight line, f/p - Purgy
Aim: Purgy (heavily wounded) Purgy is severely wounded.
You feel life coursing into your body. Purgy bites you but does no damage.
Purgy claws you but does no damage. Purgy misses you.
Unknown command.
Casting: Vampiric Draining (safe; 10% risk of failure)
Confirm with . or Enter, or press ? or * to list all spells.
Aiming: Vampiric Draining (safe; 10% risk of failure)
Press: ? - help, Shift-Dir - straight line, f/p - Purgy
Aim: Purgy (severely wounded) Purgy is severely wounded.
You feel life coursing into your body. Purgy misses you.
Purgy closely misses you. Purgy claws you but does no damage.
Unknown command.
Casting: Vampiric Draining (safe; 10% risk of failure)
Confirm with . or Enter, or press ? or * to list all spells.
You don't have enough magic to cast that spell.
Unknown command.
Firing (i - inventory)
c - 15 stones (quivered)
Press: ? - help, Shift-Dir - straight line, f/p - Purgy
Aim: Purgy (severely wounded)
You shoot a stone. The stone hits Purgy.
Purgy is almost dead.
Purgy bites you.
* * * LOW HITPOINT WARNING * * *
Purgy barely misses you. x2; Purgy bites you.
* * * LOW HITPOINT WARNING * * *
Purgy barely misses you. Purgy claws you.
* * * LOW HITPOINT WARNING * * *
Unknown command.
Firing (i - inventory)
c - 14 stones (quivered)
Press: ? - help, Shift-Dir - straight line, f/p - Purgy
Aim: Purgy (almost dead)
You shoot a stone. The stone hits Purgy.
Purgy is almost dead.
Purgy barely misses you. Purgy closely misses you.
Purgy claws you but does no damage.
Unknown command.
Firing (i - inventory)
c - 13 stones (quivered)
Press: ? - help, Shift-Dir - straight line, f/p - Purgy
Aim: Purgy (almost dead)
You shoot a stone. The stone barely misses Purgy.
Purgy bites you!
* * * LOW HITPOINT WARNING * * *
Purgy barely misses you. Purgy claws you.
* * * LOW HITPOINT WARNING * * *
Unknown command.
There is an empty arch of ancient stone here.
Casting: Vampiric Draining (safe; 10% risk of failure)
Confirm with . or Enter, or press ? or * to list all spells.
Aiming: Vampiric Draining (safe; 10% risk of failure)
Press: ? - help, Shift-Dir - straight line, f/p - Purgy
Aim: Purgy (severely wounded) Purgy is almost dead.
You feel life coursing into your body.
Purgy looks very sad for a moment.
Purgy bites you.
You die...

### #∩# #.#
#+##+##.##+##+#
.......@.......
≈≈≈≈≈≈≈T≈≈≈≈≈≈≈
≈≈≈≈≈≈≈∩≈≈≈≈≈≈≈
≈≈≈≈≈≈≈.≈≈≈≈≈≈≈
...............
#+##+##(##+##+#
#.# #(# ###


You could see Purgy.

Vanquished Creatures
  3 adders (D:2)
  An ooze (D:2)
  3 worms (D:3)
  2 leopard geckos
  11 orcs
  3 bats
  4 giant cockroaches
  5 goblins
  5 hobgoblins
  9 jackals
  5 kobolds
  2 frilled lizards
  5 rats
58 creatures vanquished.

Notes
Turn   | Place    | Note
-------+----------+-------------------------------------------
     0 | D:1      | Amnesiac the Mummy Necromancer began the quest for the Orb.
     0 | D:1      | Reached XP level 1. HP: 13/13 MP: 4/4
   392 | D:2      | Reached XP level 2. HP: 20/20 MP: 3/5
   702 | D:1      | Reached skill level 1 in Fighting
   738 | D:1      | Reached XP level 3. HP: 25/26 MP: 7/7
   743 | D:1      | Learned a level 3 spell: Vampiric Draining
  1365 | D:3      | Reached XP level 4. HP: 32/32 MP: 6/8
  1666 | D:3      | HP: 1/33 [worm (11)]
  1889 | D:3      | Found a glowing drain.
  1900 | Sewer    | Entered a sewer
  2035 | Sewer    | Noticed Purgy
  2054 | Sewer    | Slain by Purgy

Vault maps used:
D:1:      evilmike_arrival_crescent
D:2:      cheibrodos_old_hovel
D:3:      okawaru_trees_1, portal_sewer_entry_a, hangedman_decor_points,
          minmay_misc_feat_five
Sewer:    kennysheep_door_sewer

Skill      XL: |  1  2  3  4 |
---------------+-------------+-----
Dodging        | 2 3 |  3.0
Spellcasting   | 3 |  3.0
Fighting       | 1 |  1.9
Stealth        | |  1.5
Necromancy     | |  4.5

Action                   |  1- 3 |  4- 6 || total
-------------------------+-------+-------++-------
Melee: Unarmed           |       |     5 ||     5
 Fire: Hunting sling     |    68 |   104 ||   172
 Cast: Pain              |    33 |     8 ||    41
       Vampiric Draining |       |    13 ||    13
  Use: Scroll            |       |     2 ||     2
Armor: Robe              |    11 |    18 ||    29
Dodge: Dodged            |    41 |    70 ||   111

Table legend:
 A = Spawn XP
 B = Non-spawn XP
 C = Spawn XP percentage of total XP
 D = Spawn monster count
 E = Non-spawn monster count
 F = Spawn count percentage of total count
 G = Total turns spent on level
                    A         B        C        D         E        F      G
               +---------+---------+-------+---------+---------+-------+---------
         Total |       0 |     167 |   0.0 |       0 |      58 |   0.0 |  2054
               +---------+---------+-------+---------+---------+-------+---------
           D:1 |       0 |      14 |   0.0 |       0 |       9 |   0.0 |   376
           D:2 |       0 |      76 |   0.0 |       0 |      18 |   0.0 |   968
           D:3 |       0 |      77 |   0.0 |       0 |      31 |   0.0 |   556
               +---------+---------+-------+---------+---------+-------+---------
